cohdb
Replays
Latest Replays
All Replays
Popular Replays
Top Player Replays
Match Explorer
How It Works
Community
CoH3 Stats
Reddit
Sign in to upload your games and track your stats! →
Sign in with Steam
Match 41821483
Unlisted
Match 41821483
Overview
Messages
Build Orders
End
Construct Infanterie Kompanie
Selects Breakthrough Battlegroup
Selects Assault Grenadiers
Kettenkrad Recon Vehicle
Grenadier Squad
Grenadier Squad
Construct Luftwaffe Kompanie
Jäger Squad
Pioneer Squad
221 Scout Car
Jäger Squad
MG 42 Machine Gun Team
Selects Smoke Bombing Run
Support Elements
Wirbelwind Flakpanzer
Luftwaffe Officer Quarters
Jäger Squad
Marder III M Tank Destroyer
Selects Incendiary Bombing Run
Kettenkrad Recon Vehicle
Selects Rapid Production
Infanterie Officer Quarters
Kettenkrad Recon Vehicle
Construct Panzergrenadier Kompanie
Pioneer Squad
Panzergrenadier Squad
Incendiary Bombing Run
Selects Blitzkrieg
Marder III M Tank Destroyer
251 Medium Carrier
Incendiary Bombing Run
Smoke Bombing Run
Homam
سَۨفُـيٰانۨوٰس
0
0
Comments
sign in to comment!
No comments posted yet!